Map: Invader LE

Players

NoRugraT

  • Race: Zerg Zerg
  • League: Platinum

BUSDRIVER - Winner!

  • Race: Protoss Protoss
  • League: Diamond

VOD

Have the link to the VOD?

Description

Time

  • Played on: April 3, 2016, 10:40 a.m.
  • Length: 16:22
Show
View Real Time Build Order
Export as new Build Order

NoRugraT Zerg 

Build Orders: Hatch First 

Get SALT Encoding   

  12  0:01  Drone  
  13  0:08  Drone  
  14  0:18  Overlord  
  14  0:24  Extractor  
  14  0:25  Drone  
  15  0:38  Drone x2  
  17  0:53  Hatchery  
  17  0:56  Drone  
  17  0:59  Drone  
  18  1:14  Spawning Pool  
  18  1:16  Drone  
  18  1:20  Extractor  
  18  1:21  Drone  
  18  1:28  Drone  
  19  1:38  Drone  
  20  1:48  Overlord  
  20  1:55  Evolution Chamber  
  20  2:01  Queen  
  19  2:02  Zergling x2  
  19  2:05  Queen  
  19  2:07  Drone  
  25  2:11  Drone  
  26  2:16  Drone  
  27  2:23  Drone  
  27  2:29  Drone  
  29  2:30  Zerg Melee Weapons Level 1  
  29  2:33  Drone  
  30  2:41  Drone  
  31  2:44  Drone  
  31  2:48  Overlord  
  32  2:58  Hatchery  
  32  2:59  Metabolic Boost  
  31  3:09  Spore Crawler  
  31  3:11  Drone  
  31  3:12  Drone x2  
  33  3:19  Overlord  
  33  3:21  Drone  
  33  3:22  Drone  
  33  3:23  Drone  
  33  3:25  Drone  
  37  3:28  Drone  
  37  3:29  Drone  
  39  3:35  Drone  
  39  3:37  Zergling x4  
  42  3:42  Overlord  
  42  3:45  Zergling x2  
  42  3:46  Zergling x4  
  45  3:54  Zergling x8  
  49  4:01  Overlord  
  49  4:13  Zergling x10  
  49  4:16  Queen  
  55  4:18  Overlord  
  55  4:24  Zerg Ground Armor Level 1  
  55  4:28  Zergling x10  
  55  4:29  Zergling x2  
  61  4:41  Zergling x6  
  63  4:51  Zergling x12  
  66  4:57  Zergling x8  
  64  5:15  Lair  
  64  5:19  Drone x3  
  64  5:20  Drone x3  
  70  5:27  Drone x8  
  70  5:28  Drone x2  
  71  5:40  Spore Crawler  
  71  5:41  Drone x4  
  68  5:54  Zergling x6  
  70  5:58  Extractor  
  70  6:00  Extractor  
  67  6:06  Zergling x6  
  68  6:14  Drone x2  
  68  6:15  Drone  
  71  6:20  Hydralisk Den  
  70  6:25  Drone  
  70  6:26  Drone  
  70  6:30  Drone x7  
  70  6:31  Extractor, Drone x2  
  70  6:32  Extractor  
  79  6:34  Overlord x2  
  76  7:05  Hydralisk  
  76  7:06  Hydralisk x5  
  92  7:09  Overlord x4  
  90  7:15  Spore Crawler  
  90  7:18  Spore Crawler  
  90  7:20  Spore Crawler  
  90  7:21  Spore Crawler x2  
  90  7:22  Spore Crawler  
  64  7:23  Spore Crawler x2  
  64  7:24  Hydralisk x3  
  64  7:25  Spore Crawler  
  67  7:32  Hydralisk Den  
  64  7:40  Lair  
  64  7:47  Spore Crawler x2  
  62  8:01  Muscular Augments  
  62  8:04  Drone x5  
  67  8:10  Hatchery  
  66  8:14  Drone x7  
  73  8:28  Hydralisk x3  
  73  8:29  Hydralisk x2  
  83  8:42  Spire  
  83  8:45  Hydralisk  
  83  8:46  Hydralisk  
  73  9:00  Hydralisk x6  
  75  9:12  Drone x2  
  77  9:22  Drone x2  
  79  9:26  Drone  
  79  9:29  Drone x2  
  83  9:38  Drone  
  83  9:39  Drone x2  
  83  9:43  Hydralisk  
  88  9:48  Hydralisk x4  
  96  10:02  Hydralisk x2  
  96  10:03  Hydralisk  
  102  10:09  Hydralisk x3  
  108  10:28  Spawning Pool  
  107  10:42  Overlord x5  
  85  12:03  Hatchery  
  84  13:29  Drone  
  84  13:30  Drone  
  84  13:33  Spawning Pool  
  85  13:49  Hatchery  
  84  13:57  Drone x2  
  84  13:58  Overlord  
  84  13:59  Overlord x2  
  82  14:31  Hatchery  
  81  14:45  Drone x3  
Show
View Real Time Build Order
Export as new Build Order

BUSDRIVER Protoss - Winner!

Build Orders: 1 Gate Expand 

Get SALT Encoding   

  12  0:01  Probe (Chrono Boost)  
  13  0:12  Probe (Chrono Boost)  
  14  0:22  Probe (Chrono Boost)  
  14  0:27  Pylon  
  15  0:46  Probe (Chrono Boost)  
  16  0:51  Gateway  
  16  0:56  Probe (Chrono Boost)  
  16  0:57  Assimilator  
  17  1:01  Assimilator  
  17  1:08  Probe (Chrono Boost)  
  18  1:18  Probe (Chrono Boost)  
  19  1:29  Probe (Chrono Boost)  
  21  1:40  Probe (Chrono Boost)  
  21  1:43  Nexus  
  21  1:50  Probe (Chrono Boost)  
  22  1:57  Cybernetics Core  
  22  2:02  Probe (Chrono Boost)  
  23  2:10  Pylon  
  23  2:27  Pylon  
  23  2:29  Probe (Chrono Boost)  
  24  2:36  Assimilator  
  24  2:39  Probe (Chrono Boost)  
  24  2:43  Stalker (Chrono Boost)  
  27  2:50  Probe  
  28  2:54  Probe  
  29  3:02  Probe  
  30  3:06  Probe  
  31  3:18  Probe x2  
  33  3:29  Forge  
  33  3:31  Mothership Core, Stargate  
  36  3:34  Probe  
  36  3:35  Stargate  
  36  3:42  Assimilator  
  36  3:46  Probe  
  37  3:52  Probe  
  37  3:55  Stargate  
  38  4:03  Probe  
  38  4:04  Probe  
  40  4:12  Photon Cannon  
  40  4:15  Probe, Oracle  
  44  4:19  Oracle  
  47  4:26  Pylon  
  47  4:30  Pylon  
  47  4:50  Photon Cannon  
  47  4:53  Oracle x2  
  47  4:58  Photon Cannon  
  53  5:02  Photon Cannon  
  53  5:15  Photon Cannon  
  53  5:18  Photon Cannon  
  53  5:25  Pylon  
  53  5:31  Oracle  
  53  5:34  Oracle  
  59  5:44  Photon Cannon  
  59  5:47  Pylon  
  56  6:00  Photon Cannon  
  56  6:08  Oracle (Chrono Boost)  
  56  6:11  Oracle (Chrono Boost)  
  62  6:16  Pylon  
  62  6:19  Pylon  
  62  6:22  Pylon  
  66  6:47  Void Ray (Chrono Boost)  
  66  6:52  Probe  
  66  6:53  Void Ray (Chrono Boost)  
  70  7:04  Probe  
  75  7:09  Void Ray (Chrono Boost)  
  75  7:33  Void Ray (Chrono Boost)  
  83  7:37  Pylon  
  83  7:39  Void Ray (Chrono Boost)  
  83  7:50  Pylon  
  87  8:05  Void Ray (Chrono Boost)  
  87  8:11  Void Ray (Chrono Boost)  
  95  8:30  Forge  
  95  8:31  Void Ray (Chrono Boost)  
  84  9:14  Void Ray (Chrono Boost)  
  84  9:16  Nexus  
  88  9:19  Pylon, Void Ray (Chrono Boost)  
  92  9:41  Gateway, Void Ray (Chrono Boost)  
  92  9:42  Gateway  
  92  9:44  Gateway  
  92  10:20  Void Ray (Chrono Boost)  
  96  10:24  Pylon  
  96  10:26  Void Ray (Chrono Boost)  
  96  11:10  Photon Cannon x2  
  96  11:12  Photon Cannon  
  96  11:14  Photon Cannon  
  96  11:15  Photon Cannon  
  91  11:25  Pylon  
  91  11:28  Cybernetics Core  
  85  12:03  Oracle x2 (Chrono Boost)  
  85  12:21  Pylon  
  85  12:22  Assimilator  
  85  12:23  Pylon  
  85  12:26  Assimilator  
  85  12:29  Pylon  
  85  12:33  Sentry  
  87  12:37  Probe  
  94  12:44  Oracle x2 (Chrono Boost)  
  97  12:54  Probe  
  97  12:55  Oracle (Chrono Boost)  
  98  13:04  Probe  
  99  13:15  Probe  
  109  13:52  Oracle x3 (Chrono Boost)  
  109  14:45  Pylon  
  109  14:48  Pylon  
  118  15:08  Oracle x3 (Chrono Boost)  
  117  15:43  Oracle (Chrono Boost)  
  117  16:05  Pylon  
  117  16:06  Pylon  
  117  16:08  Pylon  
  117  16:10  Pylon  
Tags
 
Add a new tag
Caveats
  • Supply blocks, unpowered buildings, or Contaminate may cause inaccurate times.
  • Supply counts are checked every 10 seconds.